 Dungeon Crawl Stone Soup version 0.30.0-18-gc0e69614cb (webtiles) character file.

Game seed: 2210361453438056037

11721 Cheops the Covert (level 11, 0/79 HPs)
             Began as an Armataur Earth Elementalist on May 23, 2023.
             Was an Elder of Uskayaw.
             Succumbed to an orc wizard's poison
             ... on level 10 of the Dungeon on May 24, 2023.
             The game lasted 01:11:33 (15795 turns).

Cheops the Covert (Armataur Earth Elementalist)    Turns: 15795, Time: 01:11:34

Health: 0/79       AC: 14    Str: 13    XL:     11   Next: 53%
Magic:  11/15      EV: 24    Int: 25    God:    Uskayaw [****..]
Gold:   598        SH:  0    Dex: 12    Spells: 0/16 levels left

rFire   . . .        a - +4 dagger (elec)
rCold   . . .        (no shield)
rNeg    . . .        J - +5 steam dragon scales
rPois   .            (no helmet)
rElec   .            c - +0 cloak
rCorr   .            x - +0 pair of gloves
SInv    .            (no barding)
Will    +....        e - amulet of the acrobat
Stlth   +++++        I - +6 ring of intelligence
HPRegen 0.33/turn    h - ring of willpower
MPRegen 0.14/turn

%: acrobat, roll
@: lethally poisoned (0 -> -9), acrobatic
A: large, rugged brown scales 3, deformed body, armoured tail, roll, long
tongue, awkward tongue
a: Renounce Religion, Stomp, Line Pass


You were on level 10 of the Dungeon.
You worshipped Uskayaw.
Uskayaw was noncommittal.
You visited 2 branches of the dungeon, and saw 13 of its levels.
You also visited: Bailey.

You collected 598 gold pieces.

Inventory:

Hand Weapons
 a - a +4 dagger of electrocution (weapon)
 b - a +2 dagger of flaming
Armour
 c - a +0 cloak (worn)
 k - a +2 ring mail of poison resistance
 m - a +2 leather armour of poison resistance
 x - a +0 pair of gloves (worn)
 G - an orb of energy
 J - +5 steam dragon scales (worn)
 K - a +0 robe of resistance
Jewellery
 e - an amulet of the acrobat (around neck)
 g - a ring of resist corrosion
 h - a ring of willpower (right hand)
 o - an amulet of reflection
 t - an amulet of faith
 v - a ring of flight
 z - a ring of ice
 A - a +6 ring of intelligence
 I - a +6 ring of intelligence (left hand)
Wands
 y - a wand of mindburst (2)
 E - a wand of polymorph (28)
 H - a wand of roots (1)
Scrolls
 d - 2 scrolls of fear {unknown}
 f - 4 scrolls of fog {unknown}
 i - 2 scrolls of acquirement {unknown}
 j - 2 scrolls of poison {unknown}
 l - 2 scrolls of immolation
 p - 7 scrolls of teleportation {unknown}
 q - a scroll of brand weapon
 r - a scroll of vulnerability
 s - 3 scrolls of amnesia
 F - a scroll of blinking
Potions
 n - 2 potions of magic
 u - 2 potions of ambrosia {unknown}
 w - 2 potions of mutation
 C - 2 potions of brilliance {unknown}
 D - 3 potions of degeneration {unknown}


   Skills:
 - Level 8.0 Short Blades
 - Level 5.0 Armour
 - Level 1.3 Dodging
 - Level 11.1 Stealth
 - Level 3.0 Spellcasting
 - Level 5.0 Conjurations
 - Level 6.0 Hexes
 - Level 6.0 Transmutations
 + Level 1.4 Ice Magic
 - Level 6.0 Earth Magic


You couldn't memorise any spells.
You knew the following spells:

 Your Spells              Type           Power      Damage    Failure   Level
a - Sandblast             Erth           66%        2d15      1%          1
b - Stone Arrow           Conj/Erth      62%        3d10      3%          3
p - Petrify               Tmut/Erth      33%        N/A       9%          4
t - Confusing Touch       Hex            33%        N/A       2%          3
A - Ozocubu's Armour      Ice            11%        N/A       17%         3
P - Passwall              Tmut/Erth      27%        N/A       1%          2

Your spell library contained the following spells:

 Spells                   Type           Power      Damage    Failure   Level
 Slow                     Hex            100%       N/A       1%          1
 Lesser Beckoning         Tloc           6%         N/A       16%         2
 Sublimation of Blood     Necr           3%         N/A       16%         2
 Irradiate                Conj/Tmut      15%        3d16      28%         5
 Gell's Gravitas          Tloc           3%         N/A       30%         3
 Teleport Other           Tloc           3%         N/A       30%         3
 Vampiric Draining        Necr           3%         2d6       30%         3
 Ozocubu's Refrigeration  Ice            5%         4d8       100%        7


Dungeon Overview and Level Annotations

Branches:
Dungeon (12/15)            Temple (1/1) D:5            Lair (0/5) D:10
    Orc (0/2) D:12         Bailey (visited)

Altars:
Ashenzari
Cheibriados
Dithmenos
Elyvilon
Fedhas
Gozag
Hepliaklqana
Kikubaaqudgha
Makhleb
Nemelex Xobeh
Okawaru
Qazlal
Ru
Sif Muna
Trog
Uskayaw
Vehumet
Wu Jian
Xom
Yredelemnul
Zin
The Shining One

Shops:
D:6 (

Portals:
Ice
Cave: D:11

Annotations:
D:8 2 transporters
D:9 3 runed translucent doors, bmack86's ghost, novice MiFi
D:11 Amaemon


Innate Abilities, Weirdness & Mutations

You are completely covered in rugged brown scales. (AC +3, +7% HP)
Armour fits poorly on your strangely shaped body.
You have a long armoured tail.
You roll when moving toward enemies. (Rampage)
Your long tongue fully drains potion bottles. (2x potion effects)
Your tongue gives you trouble enunciating. (1.5x scroll delay)


Message History

You are lethally poisoned!
Your icy armour will break if you move.
Continue?
Aiming: Grand Finale
Press: ? - help, Shift-Dir - straight line, p - yak You can't perceive a target there!
Aiming: Grand Finale
Press: ? - help, Shift-Dir - straight line, f - yak
Aim: a yak (almost dead)
You fail to use your ability.
* * * LOW HITPOINT WARNING * * *
You feel very sick. The yak barely misses you.
Something hits you but does no damage.
You are more poisoned.
You feel better.
You slurp down every last drop of the potion of curing!
The yak closely misses you. Something hits you but does no damage.
Casting: Ozocubu's Armour (dangerous; 17% risk of failure)
Confirm with . or Enter, or press ? or * to list all spells.
Aiming: Passwall (safe; 1% risk of failure)
Press: ? - help, Dir - move target, p - yak A rock wall.
Your icy armour will break if you move.
Continue?
The yak barely misses you. Something hits you but does no damage.
You are poisoned.
You can no longer merge with and destroy a victim.
You begin to meditate on the wall.
You continue meditating on the rock.
You feel sick. The yak gores you.
* * * LOW HITPOINT WARNING * * *
Something hits you.
* * * LOW HITPOINT WARNING * * *
You continue meditating on the rock.
You feel sick. The yak gores you.
* * * LOW HITPOINT WARNING * * *
Something hits you but does no damage.
You are lethally poisoned!
You finish merging with the rock.
Your icy armour cracks and falls away as you move.
* * * LOW HITPOINT WARNING * * *
You feel very sick.
You die...

#### ..## ##..## ### ....
#....###.### ..Y###
##..........# #...#
###..#.†.....#### . #....
#@..##.)#.......# ...
#..####..##{##.......##
#..##...##...)Y{.###.......
#............#....#..#.....
#.$..........#.......#.....
.......###...##.............
....... #..#...............
....... #..##..........)..#
....... ...##...........###


You could see a yak.

Vanquished Creatures
  2 two-headed ogres
  Urug (D:10)
  Sonja (D:10)
  An ugly thing (D:6)
  A cyclops (D:11)
  2 trolls
  Grinder (D:6)
  Prince Ribbit (D:5)
  2 shadows
  A water elemental (D:12)
  7 yaks
  Eustachio (D:5)
  Grum (D:9)
  A steam dragon (D:9)
  2 acid dragons
  A water moccasin (D:8)
  3 sky beasts
  14 orc warriors
  3 black bears
  2 ice beasts
  4 wolves (D:9)
  17 centaurs
  A phantom (D:5)
  3 kobold brigands
  2 bullfrogs
  A gnoll sergeant (D:6)
  3 scorpions
  2 howler monkeys
  3 hounds
  6 jellies
  5 orc priests
  Jessica (D:3)
  A sleepcap (D:5)
  5 iguanas
  9 orc wizards
  10 gnolls
  5 adders
  A shadow imp (D:6)
  5 white imps
  2 ufetubi (D:5)
  A worm (D:5)
  3 dart slugs
  46 orcs
  14 ball pythons
  3 bats (D:2)
  5 endoplasms
  2 giant cockroaches
  7 goblins
  11 hobgoblins
  4 jackals (D:2)
  3 quokkas
  4 frilled lizards
  26 kobolds
  8 rats
271 creatures vanquished.

Notes
Turn   | Place    | Note
-------+----------+-------------------------------------------
     0 | D:1      | Cheops the Armataur Earth Elementalist began the quest for
                  | the Orb.
     0 | D:1      | Reached XP level 1. HP: 14/14 MP: 3/3
   327 | D:1      | Reached XP level 2. HP: 21/21 MP: 0/4
   990 | D:1      | Reached XP level 3. HP: 27/27 MP: 1/5
  1453 | D:2      | Found a faded altar of an unknown god.
  2157 | D:2      | Learned a level 2 spell: Passwall
  2161 | D:2      | Learned a level 3 spell: Stone Arrow
  2339 | D:3      | Reached XP level 4. HP: 32/35 MP: 3/8
  2816 | D:3      | Noticed Jessica
  2820 | D:3      | Killed Jessica
  2821 | D:3      | Reached skill level 1 in Conjurations
  2881 | D:3      | Reached XP level 5. HP: 40/40 MP: 4/9
  3546 | D:3      | Found an opulent altar of Gozag.
  4140 | D:4      | Reached XP level 6. HP: 40/48 MP: 6/10
  4145 | D:4      | Learned a level 4 spell: Petrify
  4496 | D:4      | Reached skill level 1 in Armour
  4623 | D:4      | Identified the +1 plate armour of Bimuhump {-Tele Will+
                  | SInv}
  4861 | D:5      | Entered Level 5 of the Dungeon
  5021 | D:5      | Noticed Eustachio
  5207 | D:5      | Found a staircase to the Ecumenical Temple.
  5229 | Temple   | Entered the Ecumenical Temple
  5479 | Temple   | Became a worshipper of Uskayaw the Reveller
  5513 | D:5      | Reached * piety under Uskayaw
  5517 | D:5      | Reached ** piety under Uskayaw
  5518 | D:5      | Reached XP level 7. HP: 52/53 MP: 4/11
  5545 | D:5      | Reached *** piety under Uskayaw
  5546 | D:5      | Killed Eustachio
  5547 | D:5      | Reached skill level 5 in Armour
  6352 | D:5      | Noticed Prince Ribbit
  6364 | D:5      | Killed Prince Ribbit
  6365 | D:5      | Reached skill level 5 in Earth Magic
  6365 | D:5      | Reached XP level 8. HP: 44/60 MP: 8/12
  6566 | D:6      | Found a sacrificial altar of Ru.
  6742 | D:6      | Noticed Grinder
  6753 | D:6      | Paralysed by Grinder for 5 turns
  6762 | D:6      | Killed Grinder
  6763 | D:6      | Reached skill level 5 in Transmutations
  7366 | D:6      | Found Fylif's Weapon Boutique.
  7580 | D:6      | Noticed a two-headed ogre
  7593 | D:6      | HP: 1/60 [two-headed ogre/+0 dire flail (13)]
  7595 | D:6      | Killed a two-headed ogre
  7596 | D:6      | Reached skill level 5 in Conjurations
  7596 | D:6      | Reached XP level 9. HP: 1/66 MP: 1/13
  7847 | D:6      | Noticed a green ugly thing
  7868 | D:6      | Killed a green ugly thing
  7868 | D:6      | Reached **** piety under Uskayaw
  8400 | D:6      | Reached skill level 3 in Stealth
  8588 | D:6      | Reached skill level 4 in Stealth
  8616 | D:6      | Reached skill level 5 in Short Blades
  9006 | D:7      | Reached skill level 5 in Stealth
  9373 | D:7      | Reached skill level 6 in Stealth
 10254 | D:8      | Reached skill level 7 in Stealth
 10254 | D:8      | Reached XP level 10. HP: 58/73 MP: 7/14
 10801 | D:8      | Found a transporter.
 10802 | D:8      | Found a transporter.
 10802 | D:8      | Noticed a boulder beetle
 11046 | D:9      | Noticed a two-headed ogre
 11046 | D:9      | Found a runed translucent gate.
 11047 | D:9      | Found a runed translucent gate.
 11049 | D:9      | Noticed bmack86's ghost (novice MiFi)
 11050 | D:9      | Noticed a skeletal warrior
 11053 | D:9      | Found a runed translucent gate.
 11255 | D:9      | Noticed Grum
 11256 | D:9      | Killed Grum
 11258 | D:9      | Reached skill level 8 in Stealth
 11261 | D:9      | Found a flagged portal.
 11406 | D:8      | Reached ***** piety under Uskayaw
 11526 | Bailey   | Entered a bailey
 11687 | Bailey   | Reached skill level 9 in Stealth
 11749 | Bailey   | HP: 3/73 [orc/+0 trident (5)]
 12227 | Bailey   | Reached skill level 10 in Stealth
 13295 | Bailey   | Reached skill level 11 in Stealth
 13755 | D:9      | You fall into a shaft and drop 3 floors!
 13779 | D:12     | Learned a level 3 spell: Confusing Touch
 13811 | D:12     | Reached skill level 1 in Hexes
 13811 | D:12     | Reached XP level 11. HP: 79/79 MP: 15/15
 13836 | D:11     | Noticed a two-headed ogre
 13839 | D:11     | Killed a two-headed ogre
 13852 | D:10     | Entered Level 10 of the Dungeon
 13852 | D:10     | Noticed Sonja
 13852 | D:10     | Noticed Amaemon
 13853 | D:10     | Killed Sonja
 14208 | D:12     | Reached skill level 5 in Hexes
 14345 | D:12     | Learned a level 3 spell: Ozocubu's Armour
 14405 | D:11     | Found a frozen archway.
 14783 | D:9      | a swamp worm changed into a wolf spider
 14783 | D:9      | Noticed a wolf spider (shapeshifter)
 15180 | D:9      | Noticed a stone giant
 15217 | D:9      | Noticed a shadow dragon
 15505 | D:9      | a shadow dragon changed into a fire giant
 15505 | D:9      | Noticed a fire giant (shapeshifter)
 15508 | D:9      | a fire giant changed into an eleionoma
 15508 | D:9      | Noticed an eleionoma (shapeshifter)
 15538 | D:9      | an eleionoma changed into a dire elephant
 15538 | D:9      | Noticed a dire elephant (shapeshifter)
 15623 | D:10     | Found a staircase to the Lair.
 15677 | D:10     | Noticed Urug
 15686 | D:10     | Killed Urug
 15762 | D:10     | Reached skill level 1 in Ice Magic
 15794 | D:10     | HP: 3/79 [poisoned by an orc wizard]
 15795 | D:10     | Succumbed to an orc wizard's poison

Illustrated notes

Levels and vault maps discovered:
D:1:      wander_arrival_fairy_ring, layout_basic, serial_forest,
          infiniplex_forest_lined_room_3, infiniplex_forest_lined_3_way,
          infiniplex_forest_clump_large, infiniplex_forest_clump_diagonal,
          infiniplex_forest_clump_tiny
D:2:      layout_loops_ring, shapermc_ecumenical_altar_mp_vishouse
D:3:      kb_forest_paths, layout_basic,
          nicolae_gozag_cash_rules_everything_around_me,
          mrwooster_statue_mirror, grunt_ministairs_4, chequers_mini_garden,
          uniq_jessica
D:4:      layout_basic
D:5:      layout_gridville, minmay_temple_entry_drinking_statues,
          uniq_prince_ribbit1, uniq_eustachio
D:6:      minmay_opposing_rooms, layout_loops_cross,
          nicolae_overflow_crystal_walls, serial_shops, nicolae_stop_n_shop_1,
          uniq_grinder
D:7:      layout_basic
D:8:      gammafunk_boulding_lane, layout_basic
D:9:      layout_basic, enter_bailey_6, gammafunk_ghost_split,
          serial_bayou_pond_a, uniq_grum
D:10:     layout_cave_pools, lair_entry_dummy, uniq_sonja, uniq_urug,
          uniq_amaemon
D:11:     layout_cave_pools, portal_ice_cave_entry_imps, uniq_snorg, uniq_erica,
          uniq_psyche
D:12:     lemuel_traditional_vault, layout_basic, orc_0_dummy, serial_glass,
          glass_columns_a, glass_columns_a
Temple:   nicolae_temple_slightly_damp_pantheon

Skill      XL: |  1  2  3  4  5  6  7  8  9 10 11 |
---------------+----------------------------------+-----
Earth Magic    | 3 4 5 6 |  6.0
Spellcasting   | 2 3 |  3.0
Conjurations   | 1 3 5 |  5.0
Transmutations | 2 3 4 6 |  6.0
Armour         | 4 5 |  5.0
Short Blades   | 2 5 7 8 |  8.0
Stealth        | 7 11 | 11.1
Hexes          | 1 6 |  6.0
Ice Magic      | 1 |  1.4
Dodging        | |  1.3

Action                     |  1- 3 |  4- 6 |  7- 9 | 10-12 || total
---------------------------+-------+-------+-------+-------++-------
  Melee: Short sword       |    17 |       |       |       ||    17
         Tailslap          |     1 |     5 |    11 |    33 ||    50
         Dagger            |       |    23 |    66 |   230 ||   319
         Punch             |       |       |     1 |     5 ||     6
   Cast: Sandblast         |    75 |    84 |    83 |    35 ||   277
         Passwall          |       |     9 |     6 |    10 ||    25
         Stone Arrow       |       |       |    57 |   106 ||   163
         Petrify           |       |       |     4 |     9 ||    13
         Ozocubu's Armour  |       |       |       |     2 ||     2
         Confusing Touch   |       |       |       |     1 ||     1
  Evoke: Wand              |       |       |       |     1 ||     1
    Use: Scroll            |       |       |     9 |     9 ||    18
         Potion            |       |       |     2 |     4 ||     6
   Stab: Sleeping          |       |     2 |     2 |    13 ||    17
         Paralysed         |       |       |     6 |     9 ||    15
         Petrified         |       |       |    13 |    12 ||    25
 Armour: Robe              |     4 |       |       |       ||     4
         Ring mail         |    15 |    27 |    36 |       ||    78
         Leather armour    |       |       |    57 |    52 ||   109
         Steam dragon scal |       |       |       |    76 ||    76
  Dodge: Dodged            |    17 |    31 |    95 |   220 ||   363
